 Dungeon Crawl Stone Soup version 0.25-a0-167-g836c352ace (webtiles) character file.

Game seed: 691632285940576241, levelgen mode: deterministic

9 MisterFreud the Skirmisher (level 2, -7/15 HPs)
             Began as a Felid Wanderer on Nov 25, 2019.
             Killed from afar by Terence (9 damage)
             ... with a puff of flame
             ... on level 2 of the Dungeon.
             The game lasted 00:01:34 (1129 turns).

MisterFreud the Skirmisher (Felid Wanderer)         Turns: 1129, Time: 00:01:35

Health: -7/15      AC:  1    Str:  8    XL:     2   Next: 3%
Magic:  3/3        EV: 17    Int: 15    God:
Gold:   17         SH:  0    Dex: 13    Spells: 1/1 levels left
                                        Lives:  0   Deaths: 0

rFire    . . .     SeeInvis +     - Unarmed
rCold    . . .     Gourm    .   (shield unavailable)
rNeg     . . .     Faith    .   (armour unavailable)
rPois    .         Spirit   .   (helmet unavailable)
rElec    .         Reflect  .   (cloak unavailable)
rCorr    .         Harm     .   (gloves unavailable)
MR       .....                  (boots unavailable)
Stlth    ++........             (no amulet)
HPRegen  0.05/turn              (no ring)
MPRegen  0.08/turn              (no ring)

@: quick
A: very small, no armour, no weapons or thrown items, stealth, claws 1, fangs 3,
see invisible, carnivore, speed 1, shaggy fur 1, slow metabolism 1, sharp paws
a: no special abilities


You were on level 2 of the Dungeon.
You were full.

You visited 1 branch of the dungeon, and saw 2 of its levels.

You collected 17 gold pieces.

Inventory:

Wands
 a - a wand of enslavement (15)
Scrolls
 c - a scroll of teleportation
 e - a scroll of identify {unknown}
 f - a scroll of immolation {unknown}
Potions
 b - 2 potions of curing
Comestibles
 d - 2 rations


   Skills:
 - Level 4.0 Fighting
 + Level 2.2 Dodging
 + Level 2.4 Stealth
 - Level 3.0 Unarmed Combat
 - Level 1.1 Evocations


You had one spell level left.
You didn't know any spells.
Your spell library was empty.

Dungeon Overview and Level Annotations

Branches:
Dungeon (2/15)

Altars:

Annotations:
D:2 Terence


Innate Abilities, Weirdness & Mutations

You cannot wear armour.
You are incapable of wielding weapons or throwing items.
Your paws allow you to move quietly. (Stealth)
You have sharp claws.
You have razor-sharp teeth.
You have supernaturally acute eyesight. (SInv)
You are carnivorous and can eat meat at any time.
You cover ground quickly.
You are covered in fur. (AC +1)
You have a slow metabolism.
Your sharp claws are effective at attacking unaware monsters.


Message History

Terence is severely wounded.
Terence drinks a potion.
Terence is healed!
You scratch Terence but do no damage.
Terence is moderately wounded.
Terence hits you but does no damage.
You scratch Terence but do no damage.
Terence is moderately wounded.
You scratch Terence but do no damage.
Terence is moderately wounded.
Terence closely misses you.
You completely miss Terence.
Terence is moderately wounded.
Terence hits you with a +0 mace!
* * * LOW HITPOINT WARNING * * *
You scratch Terence but do no damage.
Terence is moderately wounded.
Terence looks scornfully at you.
Terence zaps a wand.
The puff of flame hits you!
Ouch! That really hurt!
You die...

#.#.######....#
##.#.# #.####
#....# ####w#
###### #....#
#.####
#.########
#........#
########.#
#..@@# #.#### #


You could see Terence.

Vanquished Creatures
  A giant cockroach (D:2)
  2 hobgoblins (D:1)
  2 kobolds (D:1)
  A frilled lizard (D:1)
  2 rats (D:1)
8 creatures vanquished.

Notes
Turn   | Place    | Note
-------+----------+-------------------------------------------
     0 | D:1      | MisterFreud the Felid Wanderer began the quest for the Orb.
     0 | D:1      | MisterFreud set off with the following items: a wand of
                  | enslavement (15), a potion of curing, a scroll of
                  | teleportation, a ration
     0 | D:1      | Reached XP level 1. HP: 11/11 MP: 2/2
  1099 | D:2      | Reached XP level 2. HP: 8/15 MP: 3/3
  1119 | D:2      | Noticed Terence
  1129 | D:2      | Killed from afar by Terence

Levels and vault maps discovered:
D:1:      ncdulo_wetmaze, layout_rooms, minmay_pentomino_z4
D:2:      layout_basic, uniq_terence, uniq_sigmund

Skill      XL: |  1 |
---------------+----+-----
Stealth        | 2 |  2.4
Dodging        | 2 |  2.2
Fighting       | |  4.0
Unarmed Combat | |  3.0
Evocations     | |  1.1

Action                   || total
-------------------------++-------
Melee: Unarmed           ||    42
       Bite              ||     2
  Use: Scroll            ||     1
 Stab: Sleeping          ||     1
  Eat: Chunk             ||     5
Armor: Skin              ||     1
Dodge: Dodged            ||    20

Table legend:
 A = Non-vault XP
 B = Vault XP
 C = Vault XP percentage of total XP
 D = Non-vault monster count
 E = Vault monster count
 F = Vault count percentage of total count
                 A         B        C        D         E       F
            +---------+---------+-------+---------+---------+-------
      Total |      13 |       0 |   0.0 |       8 |       0 |   0.0
            +---------+---------+-------+---------+---------+-------
        D:1 |      11 |       0 |   0.0 |       7 |       0 |   0.0
        D:2 |       2 |       0 |   0.0 |       1 |       0 |   0.0
            +---------+---------+-------+---------+---------+-------
